 Dungeon Crawl Stone Soup version 0.27-a0-732-ga892ba84f6 (webtiles) character file.

Game seed: 13558434582632558943

149 leviel the Magician (level 5, -6/35 HPs)
             Began as a Djinni Venom Mage on Mar 24, 2021.
             Hit by a silver boomerang thrown by an orc (9 damage)
             ... on level 3 of the Dungeon.
             The game lasted 00:09:16 (3627 turns).

leviel the Magician (Djinni Venom Mage)             Turns: 3627, Time: 00:09:16

Health: -6/35      AC:  2    Str:  7    XL:     5   Next: 31%
Magic:  0/0        EV: 13    Int: 17    God:
Gold:   12         SH:  0    Dex: 14    Spells: 0/12 levels left

rFire    + + .     SeeInvis .   b - +0 dagger
rCold    x . .     Faith    .   (no shield)
rNeg     . . .     Spirit   .   a - +0 robe
rPois    ∞         Reflect  .   (no helmet)
rElec    .         Harm     .   (no cloak)
rCorr    .         Rampage  .   (no gloves)
Will     .....                  (boots unavailable)
Stlth    ++........             (no amulet)
HPRegen  0.11/turn              (no ring)
MPRegen  0.00/turn              (no ring)

@: flying
A: fire resistance 2, cold vulnerability 1, float, innate caster, hp casting,
extra vitality 1
a: no special abilities


You were on level 3 of the Dungeon.
You visited 1 branch of the dungeon, and saw 3 of its levels.

You collected 96 gold pieces.
You spent 84 gold pieces at shops.

Inventory:

Hand Weapons
 b - a +0 dagger (weapon)
Armour
 a - a +0 robe (worn)
Jewellery
 g - an amulet of faith
Scrolls
 e - a scroll of fog
Potions
 c - a potion of ambrosia
 d - a potion of brilliance


   Skills:
 + Level 0.3 Fighting
 + Level 0.6 Short Blades
 + Level 3.1 Dodging
 + Level 2.0 Stealth
 * Level 4.3 Spellcasting


You couldn't memorise any spells.
You knew the following spells:

 Your Spells              Type           Power      Damage    Failure   Level
a - Sting                 Tmut/Pois      72%        1d6       2%          1
b - Poisonous Vapours     Pois/Air       36%        N/A       3%          2
c - Mephitic Cloud        Conj/Pois/Air  18%        N/A       8%          3
d - Ignite Poison         Fire/Tmut/Pois 18%        N/A       8%          3
e - Olgreb's Toxic Radia  Pois           18%        N/A       26%         4
f - Magic Dart            Conj           72%        1d6       2%          1
g - Searing Ray           Conj           36%        3d4       3%          2
Your spell library was empty.

Dungeon Overview and Level Annotations

Branches:
Dungeon (3/15)

Altars:

Shops:
D:3 ?


Innate Abilities, Weirdness & Mutations

You are immune to poison.
Your flesh is very heat resistant. (rF++)
You are vulnerable to cold. (rC-)
You float through the air rather than walking.
You learn spells naturally, not from books.
Your magical power is your life essence.
You have superior vitality. (+4 HP)


Message History

You struggle to resist.
You are too injured to fight recklessly!
You are too injured to fight recklessly!
The magic dart hits the orc priest.
You kill the orc priest!
Your Stealth skill increases to level 2!
You are too injured to fight recklessly!
The orc throws a silver boomerang.
The silver boomerang misses you.
You are too injured to fight recklessly!
You hit the orc.
The orc is moderately wounded.
The orc misses you.
You barely miss the orc.
The orc is moderately wounded.
The orc barely misses you.
You closely miss the orc.
The orc is moderately wounded.
The orc closely misses you.
You closely miss the orc.
The orc is moderately wounded.
The orc barely misses you.
You barely miss the orc.
The orc is moderately wounded.
The orc barely misses you.
You barely miss the orc.
The orc is moderately wounded.
The orc completely misses you.
You closely miss the orc.
The orc is moderately wounded.
The orc hits you with a +0 flail!
You closely miss the orc.
The orc is moderately wounded.
The orc misses you.
You hit the orc but do no damage.
The orc is moderately wounded.
The orc barely misses you.
The orc throws a silver boomerang.
The silver boomerang hits you.
* * * LOW HITPOINT WARNING * * *
x2 The orc throws a silver boomerang.
The silver boomerang hits you!
You die...

#......÷#...........
#.......#.##########..
#.......#.# .
########.......#.#####
...............#.# ...
####.#####....##.# #.#
..............##.###.######.#
########+.....##>.......o....
........#..#.###@##........>.
.'####+.#..#.# #.###.#.......
.#....#.#.##.###.###)#.####.#
.#.##.#.#........o...#..
.#.##.#.#...###..#####...
.#....#.#..?'∩#..# .##.
.'####+.#..####..### .# .#
........#..#......... .# #
########'.##'###.####


You could see an orc.

Vanquished Creatures
  An orc priest (D:3)
  4 gnolls
  3 adders
  2 worms (D:3)
  3 giant cockroaches
  3 goblins (D:1)
  2 hobgoblins (D:1)
  7 kobolds
  5 oozes
  2 quokkas
  9 ball pythons
  6 bats
  2 frilled lizards
  3 rats
52 creatures vanquished.

Notes
Turn   | Place    | Note
-------+----------+-------------------------------------------
     0 | D:1      | leviel the Djinni Venom Mage began the quest for the Orb.
     0 | D:1      | Reached XP level 1. HP: 15/15 MP: 0/0
   148 | D:1      | Reached skill level 3 in Spellcasting
   159 | D:1      | Reached XP level 2. HP: 19/21 MP: 0/0
  1074 | D:1      | Reached XP level 3. HP: 14/25 MP: 0/0
  1074 | D:1      | Learned a level 1 spell: Magic Dart
  2555 | D:2      | Reached XP level 4. HP: 28/31 MP: 0/0
  2780 | D:2      | Reached skill level 4 in Spellcasting
  3260 | D:3      | Found Jechoa Vada's Magic Scroll Boutique.
  3263 | D:3      | Bought a scroll of noise for 13 gold pieces
  3263 | D:3      | Bought a scroll of identify for 26 gold pieces
  3263 | D:3      | Bought a scroll of immolation for 45 gold pieces
  3294 | D:3      | Reached XP level 5. HP: 27/35 MP: 0/0
  3294 | D:3      | Learned a level 2 spell: Searing Ray
  3627 | D:3      | Hit by a silver boomerang thrown by an orc

Illustrated notes

Levels and vault maps discovered:
D:1:      lightli_molten_gateway, layout_rooms, lemuel_flame_loot_1
D:2:      layout_loops_cross
D:3:      layout_basic, serial_shops, nicolae_shop_window_shopping,
          serial_curves, eino_curves_02, eino_curves_01, minivault_11

Skill      XL: |  1  2  3  4  5 |
---------------+----------------+-----
Spellcasting   | 3 4 |  4.3
Dodging        | 3 |  3.1
Stealth        | 2 |  2.0
Fighting       | |  0.3
Short Blades   | |  0.6

Action                   |  1- 3 |  4- 6 || total
-------------------------+-------+-------++-------
Melee: Dagger            |    34 |    10 ||    44
       Unarmed           |     1 |       ||     1
 Cast: Sting             |    24 |       ||    24
       Magic Dart        |    45 |    42 ||    87
       Mephitic Cloud    |       |     3 ||     3
       Searing Ray       |       |     3 ||     3
  Use: Scroll            |     1 |     2 ||     3
       Potion            |     2 |     1 ||     3
Armor: Robe              |    11 |     2 ||    13
       Skin              |     6 |       ||     6
Dodge: Dodged            |    21 |    15 ||    36

Table legend: (Time is in decaauts)
 A = Elapsed time spent in this place.
 B = Non-inter-level travel time spent in this place.
 C = Inter-level travel time spent in this place.
 D = Time resting spent in this place.
 E = Time spent auto-exploring this place.
 F = Levels seen in this place.
 G = Mean time per level.
                   A        B        C        D        E       F      G
               +--------+--------+--------+--------+--------+-----+--------+
         Total |   3626 |   3539 |     87 |   1436 |   1611 |   3 | 1208.7 |
       Dungeon |   3626 |   3539 |     87 |   1436 |   1611 |   3 | 1208.7 |
               +--------+--------+--------+--------+--------+-----+--------+

Top non-repeatable levels by time:
     D:1: 1915 daAuts
     D:2: 1237 daAuts
     D:3: 474 daAuts
